 Dungeon Crawl Stone Soup version 0.29-a0-834-g1e95ca9f62 (webtiles) character file.

Game seed: 17310356042234587120

42 purpskrrrp the Sneak (level 3, -1/25 HPs)
             Began as a Vine Stalker Enchanter on July 13, 2022.
             Slain by a goblin
             ... wielding a +0 dagger
             ... led by Robin
              (3 damage)
             ... on level 2 of the Dungeon.
             The game lasted 00:04:41 (2314 turns).

purpskrrrp the Sneak (Vine Stalker Enchanter)       Turns: 2314, Time: 00:04:42

Health: -1/25      AC: 21    Str: 10    XL:     3   Next: 56%
Magic:  0/7        EV:  2    Int: 15    God:
Gold:   45         SH:  0    Dex: 16    Spells: 6/6 levels left

rFire   . . .      SeeInvis .   a - +1 dagger
rCold   . . .      Faith    .   (no shield)
rNeg    . . .      Spirit   +   (body armour currently unavailable)
rPois   +          Reflect  .   (helmet currently unavailable)
rElec   .          Harm     .   (cloak currently unavailable)
rCorr   .          Rampage  .   (gloves currently unavailable)
Will    .....      NoTele   +   (boots currently unavailable)
Stlth   +++.......              (no amulet)
HPRegen 0.08/turn               (no ring)
MPRegen 0.10/turn               (no ring)

@: tree-form, invisible
A: stationary, stasis, torment immunity, boosted hp, (fangs 2), magic shield,
(antimagic bite), no potion heal 2
a: no special abilities


You were on level 2 of the Dungeon.
You were a tree.
You visited 1 branch of the dungeon, and saw 2 of its levels.

You collected 45 gold pieces.

Inventory:

Hand Weapons
 a - a +1 dagger (weapon)
Missiles
 f - 3 poisoned darts (quivered)
Armour
 b - a +0 robe (melded)
 k - a +1 helmet (melded)
Scrolls
 e - a scroll of magic mapping {unknown}
 i - 2 scrolls of vulnerability {unknown}
Potions
 d - a potion of ambrosia {unknown}
 h - a potion of curing {unknown}
 j - a potion of flight {unknown}


   Skills:
 + Level 0.6 Fighting
 * Level 1.0 Short Blades
 + Level 1.7 Dodging
 * Level 4.9 Stealth
 + Level 2.2 Spellcasting
 + Level 3.2 Hexes


You had 6 spell levels left.
You didn't know any spells.
Your spell library contained the following spells:

 Spells                   Type           Power      Damage    Failure   Level
 Ensorcelled Hibernation  Hex/Ice        12%        N/A       17%         2
 Confusing Touch          Hex            11%        N/A       17%         3
 Tukima's Dance           Hex            11%        N/A       17%         3
 Dazzling Flash           Conj/Hex       12%        N/A       32%         3
 Ozocubu's Armour         Ice            1%         N/A       54%         3
 Ozocubu's Refrigeration  Ice            0%         4d5       100%        7


Dungeon Overview and Level Annotations

Branches:
Dungeon (2/15)

Altars:

Annotations:
D:2 Robin


Innate Abilities, Weirdness & Mutations

You are a tree.
Your roots penetrate the ground, keeping you stationary.
You cannot be teleported.
You are immune to unholy pain and torment.
Your maximum health is greatly increased.
Your equipment is partially melded.
((You have extremely sharp teeth.))
When hurt, damage is shared between your health and your magic reserves.
((Your bite disrupts and absorbs the magic of your enemies.))
Potions cannot restore your health.


Message History

The goblins go into a battle-frenzy!
You completely miss the goblin.
The hobgoblin hits you but does no damage.
A hobgoblin comes into view.
The goblin hits you but does no damage.
You barely miss the goblin.
The goblin no longer looks unusually strong.
The hobgoblin barely misses you. The goblin hits you but does no damage.
You completely miss the goblin.
The hobgoblin hits you but does no damage.
The goblin hits you but does no damage.
You hit the hobgoblin.
The hobgoblin is heavily wounded.
The hobgoblin hits you but does no damage.
The goblin hits you but does no damage.
You barely miss the hobgoblin.
The hobgoblin is heavily wounded.
The hobgoblin hits you but does no damage.
The goblin hits you but does no damage.
Robin roars a battlecry!
The goblin goes into a battle-frenzy!
You closely miss the hobgoblin.
The hobgoblin is heavily wounded.
The hobgoblin hits you.
* * * LOW HITPOINT WARNING * * *
The goblin hits you but does no damage.
You hit the hobgoblin.
You kill the hobgoblin!
The goblin hits you but does no damage.
You cannot move.
You cannot move.
You hit the goblin.
The goblin is heavily wounded.
The goblin hits you but does no damage. Robin throws the goblin at you!
You completely miss the goblin.
The goblin is heavily wounded.
The goblin hits you but does no damage. x2
You fade into invisibility!
The goblin hits you but does no damage. The goblin hits you with a +0 dagger.
You die...

........#.# #.......#.#
........#.# ........#.#
.......<# .......##+###
.#..........#
............########.#.#
...............g♣gwgg..#
.......#..!#.#######.###
...###.#.#.#(# ...
#.#.#.#.# .# ....#.#.#
#$###.#.# . ..#.# .
###.#


You could see Robin (unable to see you), a dart slug (unable to see you), a
hobgoblin (strong, unable to see you) and 2 goblins.

Vanquished Creatures
  2 dart slugs (D:1)
  3 ball pythons (D:1)
  6 bats
  2 endoplasms (D:1)
  A giant cockroach (D:1)
  6 goblins
  6 hobgoblins
  2 kobolds (D:1)
  2 quokkas (D:1)
  2 frilled lizards (D:1)
32 creatures vanquished.

Notes
Turn   | Place    | Note
-------+----------+-------------------------------------------
     0 | D:1      | purpskrrrp the Vine Stalker Enchanter began the quest for
                  | the Orb.
     0 | D:1      | Reached XP level 1. HP: 9/9 MP: 4/4
   372 | D:1      | Reached XP level 2. HP: 11/14 MP: 6/6
   378 | D:1      | Reached skill level 4 in Stealth
  1033 | D:1      | Reached XP level 3. HP: 17/17 MP: 7/7
  2043 | D:2      | Found a faded altar of an unknown god.
  2281 | D:2      | Noticed Robin
  2294 | D:2      | Reached skill level 1 in Short Blades
  2314 | D:2      | Slain by a goblin

Illustrated notes

Levels and vault maps discovered:
D:1:      mainiacjoe_arrival_reflecting_pool, layout_basic, minivault_27
D:2:      minmay_chambers_of_twos, layout_basic, ebering_ecumenical_altar_hall,
          uniq_robin

Skill      XL: |  1  2  3 |
---------------+----------+-----
Stealth        | 4 |  4.9
Short Blades   | 1 |  1.0
Fighting       | |  0.6
Dodging        | |  1.7
Spellcasting   | |  2.2
Hexes          | |  3.2

Action                   || total
-------------------------++-------
Melee: Dagger            ||   106
       Bite              ||    13
       Punch             ||     1
  Use: Scroll            ||     3
       Potion            ||     3
 Stab: Sleeping          ||     9
Armor: Robe              ||    24
       Skin              ||    30
Dodge: Dodged            ||    75

Table legend: (Time is in decaauts)
 A = Elapsed time spent in this place.
 B = Non-inter-level travel time spent in this place.
 C = Inter-level travel time spent in this place.
 D = Time resting spent in this place.
 E = Time spent auto-exploring this place.
 F = Levels seen in this place.
 G = Mean time per level.
                   A        B        C        D        E       F      G
               +--------+--------+--------+--------+--------+-----+--------+
         Total |   2309 |   2199 |    110 |      0 |   1853 |   2 | 1154.5 |
       Dungeon |   2309 |   2199 |    110 |      0 |   1853 |   2 | 1154.5 |
               +--------+--------+--------+--------+--------+-----+--------+

Top non-repeatable levels by time:
     D:1: 2007 daAuts
     D:2: 301 daAuts
